 Dungeon Crawl Stone Soup version 0.18.1-8-gdd0e5ea (webtiles) character file.

145866 mopl the Fencer (level 16, -7/130 HPs)
             Began as a Demonspawn Necromancer on May 21, 2016.
             Was a High Priest of Makhleb.
             Mangled by a merfolk impaler
             ... wielding a +4 antimagic demon trident
              (21 damage)
             ... on level 4 of the Shoals on May 22, 2016.
             The game lasted 02:14:59 (31634 turns).

mopl the Fencer (Demonspawn Necromancer)           Turns: 31634, Time: 02:15:00

Health: -7/130     AC: 17    Str: 14    XL:     16   Next: 88%
Magic:  13/27      EV: 27    Int: 20    God:    Makhleb [*****.]
Gold:   125        SH:  6    Dex: 17    Spells: 7 memorised, 4 levels left

rFire  + . .     SeeInvis .     a - +11 great sword "Nuodubog" {speed, Str+5}
rCold  . . .     Gourm    .     s - +3 leather armour {rF+}
rNeg   . . .     Faith    .     (shield currently unavailable)
rPois  .         Spirit   .     (helmet unavailable)
rElec  .         Dismiss  .     r - +0 cloak {MR+}
rCorr  .         Reflect  +     i - +0 pair of gloves
SustAt .         Harm     .     E - +2 pair of boots
MR     ++...                    v - +6 amulet of reflection
Stlth  +++++.....               e - ring of Shaolin {EV+8, =R}
                                l - +3 ring of protection

@: regenerating, very resistant to hostile enchantments, quite stealthy
A: horns 3, rugged brown scales 1, foul stench 1, nightstalker 3, rot immunity
a: Minor Destruction, Lesser Servant of Makhleb, Major Destruction, Greater
Servant of Makhleb, Renounce Religion


You were on level 4 of the Shoals.
You worshipped Makhleb.
Makhleb was extremely pleased with you.
You were not hungry.

You visited 5 branches of the dungeon, and saw 30 of its levels.
You also visited: Sewer and Ice Cave.

You collected 3624 gold pieces.
You spent 3499 gold pieces at shops.

Inventory:

Hand Weapons
 a - the +11 great sword "Nuodubog" (weapon) {speed, Str+5}
   (You found it on level 8 of the Dungeon)

   Attacks with this weapon are significantly faster.
   It affects your strength (+5).
 b - the +8 dagger of Conflict {venom, rN+ MR+}
   (You found it on level 8 of the Lair of Beasts)

   It poisons the flesh of those it strikes.
   It protects you from negative energy.
   It affects your resistance to hostile enchantments.
 C - a +4 scimitar of flaming
Missiles
 p - 65 javelins
 z - 26 poisoned needles
 B - 79 tomahawks
 K - 11 silver javelins (quivered)
 N - 12 poisoned javelins
 O - 8 throwing nets
 V - 5 poisoned tomahawks
Armour
 i - a +0 pair of gloves (worn)
 r - a +0 cloak of magic resistance (worn)
 s - a +3 leather armour of fire resistance (worn)
 E - a +2 pair of boots (worn)
 W - a +0 ring mail of poison resistance
Magical Staves
 G - an uncursed staff of earth
Rods
 X - a +3 rod of inaccuracy (14/14) {!a}
   (You found it on level 4 of the Shoals)
Jewellery
 e - the ring of Shaolin (right hand) {EV+8, =R}
   (You bought it in a shop on level 2 of the Orcish Mines)

   [ring of evasion]

   It affects your evasion (+8).
 l - a +3 ring of protection (left hand)
 v - a +6 amulet of reflection (around neck)
 D - an uncursed ring of wizardry
 H - an uncursed ring of see invisible
 I - an uncursed ring of protection from cold
 R - an uncursed ring of protection from fire
Wands
 f - a wand of digging (14/24)
 h - a wand of acid (10/15)
 w - a wand of iceblast (7/15)
 y - a wand of lightning (7/15)
 M - a wand of iceblast (12/15)
 P - a wand of paralysis (10/24)
 Q - a wand of disintegration (6/24)
Scrolls
 g - 4 scrolls of fog
 j - 4 scrolls of magic mapping
 o - a scroll of acquirement
 q - a scroll of enchant armour
 x - a scroll of identify
 A - 6 scrolls of remove curse
 L - 5 scrolls of teleportation
 U - a scroll of vulnerability
 Z - a scroll of summoning
Potions
 d - 2 potions of resistance
 m - 12 potions of curing
 n - a potion of ambrosia
 t - a potion of lignification {!q}
 u - 5 potions of flight
 J - a potion of agility
 S - a potion of might
 T - a potion of berserk rage {!q}
Miscellaneous
 Y - a phial of floods
Comestibles
 c - 16 bread rations


   Skills:
 + Level 12.2 Fighting
 * Level 16.4 Long Blades
   Level 6.1(6.3) Polearms
 - Level 2.4(4.6) Staves
 + Level 8.0 Armour
 + Level 9.9 Dodging
 - Level 1.7 Stealth
 - Level 6.0 Spellcasting
 - Level 10.0 Necromancy
 - Level 15.0 Invocations


You had 4 spell levels left.
You knew the following spells:

 Your Spells              Type           Power        Failure   Level  Hunger
a - Apportation           Tloc           #.........   14%         1    None
b - Vampiric Draining     Necr           #####.....   1%          3    ##.....
c - Pain                  Necr           ####         1%          1    None
r - Regeneration          Chrm/Necr      ####......   6%          3    ##.....
C - Control Undead        Necr           #####.....   1%          4    ####...
O - Orb of Destruction    Conj           #.........   100%        7    #######
X - Animate Dead          Necr           N/A          1%          4    ####...


Dungeon Overview and Level Annotations

Branches:
Dungeon (15/15)            Temple (1/1) D:4            Lair (8/8) D:9
 Shoals (4/4) Lair:4        Snake (0/4) Lair:4        Slime (0/6) Lair:6
    Orc (2/2) D:12            Elf (0/3) Orc:2        Vaults (0/5) D:13
 Depths (0/5) D:15

Altars:
Ashenzari
Cheibriados
Elyvilon
Fedhas
Gozag
Kikubaaqudgha
Makhleb
Nemelex Xobeh
Okawaru
Pakellas
Qazlal
Ru
Sif Muna
Trog
Vehumet
Xom
Yredelemnul
Zin
The Shining One
Beogh
Jiyva

Shops:
D:5 %   D:9 *!%   D:13 (?[   Orc:2 ?(=*   Shoals:2 ??

Annotations:
D:6 kak's ghost, novice TrEE
D:8 Psyche
Lair:4 Snorg
Lair:5 exclusion: oklob plant
Shoals:1 bb for ammo


Innate Abilities, Weirdness & Mutations

You have a pair of large horns on your head.
You are partially covered in rugged brown scales (AC +1, +3% HP).
You may emit foul miasma when damaged in melee.
You are completely attuned to the shadows.
You are immune to rotting.


Message History

The poisoned javelin hits you!!
* * * LOW HITPOINT WARNING * * *
You are poisoned.
The merfolk impaler hits you with an antimagic demon trident!
* * * LOW HITPOINT WARNING * * *
You feel your power leaking away.
You emit a cloud of foul miasma!
Drink which item? (? for menu, Esc to quit)
You feel better.
Your harpy zombie barely misses the sea snake.
Your harpy zombie misses the sea snake.
Your harpy zombie barely misses the sea snake.
Your harpy zombie claws the sea snake.
The sea snake bites your harpy zombie!
A tomahawk appears from out of your range of vision.
The tomahawk hits your merfolk zombie!!
You hear a splash.
The merfolk impaler is engulfed in dark miasma.
The merfolk impaler is poisoned.
The merfolk impaler hits you with an antimagic demon trident!!
You die...

≈≈≈≈≈≈#..≈#.....≈#≈≈)≈≈#
≈≈≈≈≈#...≈...#≈≈≈#≈≈≈≈≈#
....##..#.#.≈##..##≈≈≈##≈≈≈≈
....###≈(..≈≈ #..≈##'.#≈≈≈≈≈≈
....###.#≈#.≈ #..≈()(≈≈≈≈≈≈≈≈
....##.≈≈≈≈..##...()≈≈≈≈≈≈≈≈≈
....Z.#≈#≈#≈#≈≈≈.P.)..≈≈≈≈≈≈≈
.....Z≈#####≈≈≈§ZP....≈≈)≈≈≈≈≈
.......# ≈≈≈S@S..≈.≈≈≈≈≈≈≈≈≈
......... ≈≈≈mm(..≈≈≈...≈≈≈≈≈
......≈≈≈ ≈≈≈Z≈((≈≈≈......≈≈≈
.....≈≈≈≈ ≈≈≈≈Z)≈≈≈≈......≈≈≈
....≈≈≈ ≈≈.≈≈≈≈≈≈≈≈.....≈≈≈
)..≈≈≈≈ ≈≈≈≈.((≈≈≈≈≈..#..≈≈≈
.))≈≈.. ≈≈.......≈≈.....≈≈≈≈
.).≈≈.. ≈.....S).(≈(..≈≈≈≈≈≈
.)...## ≈....22..##..≈≈≈≈≈≈≈


You could see a merfolk impaler, a merfolk javelineer, a sea snake, a friendly
sea snake, a friendly harpy zombie and 2 friendly merfolk zombies.

Vanquished Creatures
  Roxanne (D:14)
  2 frost giants
  Azrael (D:12)
  4 merfolk javelineers
  A hydra (Lair:8)
  The ghost of WereVolvo the Grappler, a journeyman DrTm of Cheibriados (D:10)
  The ghost of barakagiga the Black Sun, a journeyman DDNe of Kikubaaqudgha (IceCv)
  An ice dragon (Lair:8)
  A merfolk avatar (Shoals:2)
  5 centaur warriors
  The ghost of George the Carver, a novice MiFi of the Shining One (D:13)
  A tengu warrior (D:15)
  2 catoblepae
  2 alligator snapping turtles
  4 orc high priests (Orc:2)
  4 death yaks
  Nergalle (D:11)
  2 sea snakes (Shoals:4)
  A deep elf archer (D:13)
  5 hill giants
  6 orc knights
  An orb spider (D:14)
  3 lindwurms (Lair:8)
  A wolf spider zombie (D:14)
  24 ugly things
  A manticore (Shoals:3)
  A hornet (shapeshifter) (D:13)
  6 deep elf magi
  2 griffons
  3 cyclopes
  Maurice (D:13)
  18 elephants
  4 sirens
  7 centaur zombies
  6 black mambas
  6 centaur skeletons
  An ice statue (IceCv)
  3 gargoyles
  6 torpor snails (Lair:8)
  18 spiny frogs
  7 rime drakes
  A kobold demonologist (D:12)
  A yaktaur (shapeshifter) (D:15)
  6 yaktaurs
  9 komodo dragons
  A tengu conjurer (D:15)
  A komodo dragon (shapeshifter) (D:14)
  2 freezing wraiths (D:13)
  A queen bee (D:10)
  2 trolls (Orc:1)
  14 merfolk
  Prince Ribbit (D:8)
  A two-headed ogre (D:11)
  6 giant leeches (Lair:8)
  A wind drake (Shoals:4)
  19 polar bears (IceCv)
  A harpy skeleton (D:15)
  2 slime creatures (D:13)
  10 blink frogs
  2 boulder beetles (Lair:8)
  2 snapping turtles
  The ghost of mistymad the Shield-Bearer, an amateur GrFi (D:4)
  A vampire (D:10)
  A water elemental (Shoals:4)
  Sigmund (D:5)
  A shadow (D:11)
  64 yaks
  6 wyverns
  2 wraiths (D:15)
  4 basilisks
  2 fire elementals (D:12)
  Grum (D:8)
  4 vampire mosquitoes (D:13)
  A hungry ghost (D:15)
  12 hippogriffs
  A steam dragon (Lair:8)
  4 nagas
  2 wargs
  2 hell hounds (D:12)
  15 porcupines
  46 orc warriors
  18 water moccasins
  4 wasps
  3 ice beasts
  2 sky beasts
  2 phantoms
  An eye of draining (D:13)
  3 black bears
  6 necrophages
  45 wolves
  13 ogres
  A boggart (D:13)
  18 centaurs
  14 crocodiles
  5 big kobolds
  18 giant frogs
  A gnoll sergeant (D:8)
  2 wyvern skeletons
  6 scorpions
  6 wights
  20 killer bees
  3 electric eels (Lair:1)
  6 crimson imps
  A quasit (D:10)
  2 giant frog skeletons
  5 jellies
  44 orc priests
  5 hounds
  20 orc wizards
  Natasha (twice) (D:4)
  10 iguanas
  9 worker ants
  Ijyb (D:3)
  40 sheep
  A hound zombie (D:9)
  A howler monkey skeleton (D:11)
  3 worker ant zombies
  2 gnolls (D:8)
  21 adders
  61 river rats
  12 white imps (Lair:2)
  11 oozes
  An adder skeleton (D:5)
  2 adder zombies (D:9)
  18 worms
  2 dart slugs
  17 giant geckos
  104 orcs
  14 bats
  16 giant cockroaches
  4 goblins
  8 hobgoblins
  12 jackals
  12 kobolds
  5 quokkas
  12 ball pythons
  15 giant newts
  A jackal zombie (D:7)
  A quokka skeleton (D:5)
  15 rats
  A bush (Lair:3)
  A fungus (Lair:8)
  9 plants
1138 creatures vanquished.

Vanquished Creatures (collateral kills)
  Jorgrun (Shoals:4)
  Rupert (Orc:2)
  Polyphemus (Shoals:4)
  Ilsuiw (Shoals:4)
  2 orc warlords
  4 merfolk javelineers (Shoals:4)
  4 merfolk impalers
  4 hydras
  A merfolk avatar (Shoals:4)
  A satyr (Shoals:4)
  An alligator snapping turtle (Shoals:4)
  A merfolk aquamancer (Shoals:4)
  A death knight (D:13)
  9 death yaks
  An orc high priest (Orc:2)
  A hill giant (D:11)
  3 orc knights (Orc:2)
  A harpy (Shoals:4)
  An ugly thing (D:14)
  A deep elf mage (D:14)
  A manticore (Shoals:4)
  A water nymph (Shoals:4)
  7 elephants (Lair:8)
  2 black mambas (Lair:6)
  2 torpor snails (Lair:8)
  A centaur zombie (D:11)
  A freezing wraith (D:13)
  A komodo dragon (Lair:8)
  3 rime drakes
  A wind drake (Shoals:4)
  A polar bear (IceCv)
  A giant leech (Lair:8)
  7 merfolk
  2 snapping turtles (Shoals:4)
  4 yaks
  A basilisk (Lair:5)
  A hippogriff (Shoals:4)
  8 orc warriors
  2 ogres
  2 centaurs
  2 crocodiles
  3 big kobolds (D:12)
  2 giant frogs (Lair:6)
  A wyvern skeleton (D:14)
  An electric eel (Lair:4)
  6 orc priests
  4 orc wizards
  An iguana (D:14)
  2 sheep
  A worker ant zombie (D:9)
  A gnoll (D:8)
  7 river rats
  An adder (D:11)
  A worm (Lair:8)
  14 orcs
  2 kobolds (D:12)
  5 rats (D:9)
  7 fungi
  2 plants
152 creatures vanquished.

Vanquished Creatures (others)
  A hydra (Lair:8)
  A jelly (D:14)
  74 fungi
  34 plants
110 creatures vanquished.

Grand Total: 1400 creatures vanquished

Notes
Turn   | Place    | Note
--------------------------------------------------------------
     0 | D:1      | mopl the Demonspawn Necromancer began the quest for the Orb.
     0 | D:1      | Reached XP level 1. HP: 13/13 MP: 3/3
   202 | D:1      | Gained mutation: You have a pair of small horns on your head. [demonic ancestry]
   202 | D:1      | Reached XP level 2. HP: 16/19 MP: 1/5
   708 | D:1      | Reached skill level 5 in Necromancy
   857 | D:2      | Reached XP level 3. HP: 21/24 MP: 1/6
   949 | D:1      | Learned a level 3 spell: Vampiric Draining
  1412 | D:2      | Gained mutation: You are slightly more attuned to the shadows. [demonic ancestry]
  1412 | D:2      | Reached XP level 4. HP: 20/30 MP: 1/8
  1998 | D:3      | Reached skill level 3 in Spellcasting
  2007 | D:3      | Learned a level 4 spell: Animate Dead
  2215 | D:3      | Noticed Ijyb
  2232 | D:3      | Killed Ijyb
  2232 | D:3      | Reached skill level 6 in Necromancy
  2431 | D:4      | Noticed an ogre
  2432 | D:4      | Found an iron altar of Okawaru.
  2445 | D:4      | Killed an ogre
  2445 | D:4      | Reached XP level 5. HP: 25/35 MP: 0/10
  2478 | D:4      | Found a sacrificial altar of Ru.
  2643 | D:4      | Learned a level 3 spell: Regeneration
  2685 | D:4      | Gained mutation: You have a pair of horns on your head. [demonic ancestry]
  2685 | D:4      | Reached XP level 6. HP: 27/41 MP: 3/11
  2742 | D:4      | Reached skill level 7 in Necromancy
  2757 | D:4      | Found a staircase to the Ecumenical Temple.
  2775 | Temple   | Entered the Ecumenical Temple
  2993 | D:4      | Found a deep blue altar of Sif Muna.
  3052 | D:4      | Noticed Natasha
  3056 | D:4      | Killed Natasha
  3064 | D:4      | Reached skill level 4 in Spellcasting
  3081 | D:4      | Noticed mistymad's ghost (amateur GrFi)
  3139 | D:5      | Entered Level 5 of the Dungeon
  3204 | D:5      | Found Luclufy's Food Emporium.
  3272 | D:5      | Noticed Sigmund
  3281 | D:5      | Killed Sigmund
  3281 | D:5      | Reached skill level 8 in Necromancy
  3281 | D:5      | Gained mutation: You have a pair of large horns on your head. [demonic ancestry]
  3281 | D:5      | Reached XP level 7. HP: 42/46 MP: 7/13
  3591 | D:6      | Noticed kak's ghost (novice TrEE)
  3743 | D:6      | Found a sparkling altar of Nemelex Xobeh.
  3744 | D:6      | Found an opulent altar of Gozag.
  3792 | D:6      | Reached skill level 9 in Necromancy
  3915 | D:6      | Found a glowing drain.
  3923 | Sewer    | Entered a sewer
  4365 | Sewer    | Reached skill level 1 in Fighting
  4365 | Sewer    | Reached skill level 1 in Polearms
  4365 | Sewer    | Reached skill level 10 in Necromancy
  4365 | Sewer    | Gained mutation: You are significantly more attuned to the shadows. [demonic ancestry]
  4365 | Sewer    | Reached XP level 8. HP: 35/54 MP: 0/14
  4421 | Sewer    | Learned a level 4 spell: Control Undead
  4438 | D:6      | Reached skill level 2 in Dodging
  4689 | D:7      | Reached skill level 2 in Polearms
  4782 | D:7      | Found an oddly glowing altar of Pakellas.
  4795 | D:7      | Reached skill level 2 in Fighting
  4808 | D:7      | Reached skill level 3 in Polearms
  5079 | D:7      | You fall through a shaft for 3 floors!
  5079 | D:10     | Entered Level 10 of the Dungeon
  5147 | D:10     | Noticed WereVolvo's ghost (journeyman DrTm)
  5154 | D:10     | Reached skill level 3 in Dodging
  5185 | D:10     | Reached skill level 3 in Fighting
  5197 | D:10     | Reached skill level 4 in Polearms
  5225 | D:9      | Found Mudeubus's Food Shop.
  5365 | D:9      | Gained mutation: You are immune to rotting. [demonic ancestry]
  5365 | D:9      | Reached XP level 9. HP: 59/64 MP: 3/15
  5641 | D:7      | Reached skill level 5 in Polearms
  5683 | D:7      | Reached skill level 4 in Fighting
  5719 | D:7      | Reached skill level 4 in Dodging
  6325 | D:8      | Noticed Psyche
  6370 | D:8      | Found a basalt altar of Yredelemnul.
  6373 | D:8      | Noticed a profane servitor
  6381 | D:8      | Found a glowing golden altar of the Shining One.
  6384 | D:8      | Noticed an angel
  6452 | D:8      | Noticed Prince Ribbit
  6461 | D:8      | Killed Prince Ribbit
  6461 | D:8      | Reached skill level 1 in Staves
  6533 | D:8      | Reached skill level 2 in Staves
  6608 | D:8      | Noticed Grum
  6646 | D:8      | Killed Grum
  6680 | D:8      | Reached skill level 5 in Fighting
  6693 | D:8      | Reached skill level 6 in Polearms
  6693 | D:8      | Reached skill level 5 in Dodging
  6926 | D:8      | Got a faintly glowing great sword
  6927 | D:8      | Identified the +11 great sword "Nuodubog" {speed, Str+5} (You found it on level 8 of the Dungeon)
  6997 | D:9      | Reached skill level 1 in Long Blades
  7053 | D:9      | Reached skill level 2 in Long Blades
  7074 | D:9      | Reached skill level 3 in Long Blades
  7079 | D:9      | Reached XP level 10. HP: 24/74 MP: 1/16
  7212 | D:9      | Reached skill level 4 in Long Blades
  7378 | D:9      | Found a shimmering altar of Xom.
  7379 | D:9      | Found a burning altar of Makhleb.
  7384 | D:9      | Became a worshipper of Makhleb the Destroyer
  7428 | D:9      | Found Besaeble's Assorted Antiques.
  7488 | D:9      | Bought a twisted gold wand for 104 gold pieces
  7488 | D:9      | Bought a bubbling brown potion for 23 gold pieces
  7488 | D:9      | Bought a granite ring for 130 gold pieces
  7488 | D:9      | Bought a scroll labeled LAEKIE KINU for 26 gold pieces
  7488 | D:9      | Bought a garnet ring for 130 gold pieces
  7488 | D:9      | Bought a scroll of teleportation for 78 gold pieces
  7502 | D:9      | Reached skill level 5 in Long Blades
  7521 | D:9      | Found Engit's Distillery.
  7527 | D:9      | Bought a potion of degeneration for 11 gold pieces
  7527 | D:9      | Bought a potion of might for 44 gold pieces
  7527 | D:9      | Bought a potion of curing for 33 gold pieces
  7606 | D:9      | Reached * piety under Makhleb
  7634 | D:9      | Found a roughly hewn altar of Beogh.
  7712 | D:9      | Reached skill level 6 in Long Blades
  7716 | D:9      | Found a staircase to the Lair.
  8109 | D:4      | Noticed Natasha
  8115 | D:4      | Killed Natasha
  8137 | D:4      | Reached ** piety under Makhleb
  8241 | D:4      | Killed mistymad's ghost
  8305 | D:4      | Found a bloodstained altar of Trog.
  8370 | D:6      | Found a blossoming altar of Fedhas.
  8397 | D:6      | Reached skill level 7 in Long Blades
  8960 | D:11     | HP: 1/74 [killer bee (6)]
  9011 | D:11     | Noticed a hill giant
  9070 | D:11     | Reached skill level 8 in Long Blades
  9170 | D:11     | Killed a hill giant
  9190 | D:11     | Noticed a purple ugly thing
  9299 | D:10     | Reached skill level 9 in Long Blades
  9310 | D:10     | Reached *** piety under Makhleb
  9310 | D:10     | Gained mutation: You may emit foul miasma when damaged in melee. [demonic ancestry]
  9310 | D:10     | Reached XP level 11. HP: 72/80 MP: 13/17
  9776 | Lair:1   | Entered Level 1 of the Lair of Beasts
 10085 | Lair:1   | Reached **** piety under Makhleb
 10350 | Lair:1   | Reached skill level 1 in Invocations
 10362 | Lair:1   | Reached skill level 6 in Fighting
 10440 | Lair:1   | Reached skill level 2 in Invocations
 10926 | Lair:2   | Found a frozen archway.
 10992 | IceCv    | Entered an ice cave
 11016 | IceCv    | Reached skill level 5 in Spellcasting
 11025 | IceCv    | Reached skill level 10 in Long Blades
 11085 | IceCv    | Reached skill level 3 in Invocations
 11186 | IceCv    | Reached skill level 4 in Invocations
 11321 | IceCv    | Gained mutation: You are completely attuned to the shadows. [demonic ancestry]
 11321 | IceCv    | Reached XP level 12. HP: 89/89 MP: 20/20
 11338 | IceCv    | Reached skill level 7 in Fighting
 11404 | IceCv    | Reached skill level 5 in Invocations
 11409 | IceCv    | Reached ***** piety under Makhleb
 11489 | IceCv    | Reached skill level 11 in Long Blades
 11489 | IceCv    | Reached skill level 6 in Spellcasting
 11553 | IceCv    | Noticed a frost giant
 11553 | IceCv    | Noticed a death yak
 11599 | IceCv    | Reached skill level 6 in Invocations
 11607 | IceCv    | Killed a frost giant
 11640 | IceCv    | Noticed barakagiga's ghost (journeyman DDNe)
 11660 | IceCv    | Killed barakagiga's ghost
 11660 | IceCv    | Reached skill level 7 in Invocations
 11671 | IceCv    | Killed a death yak
 12003 | Lair:2   | Reached skill level 8 in Invocations
 12072 | Lair:2   | Reached skill level 8 in Fighting
 12575 | Lair:1   | Learned a level 7 spell: Orb of Destruction
 12577 | Lair:1   | Learned a level 1 spell: Apportation
 12762 | D:11     | Reached ****** piety under Makhleb
 12762 | D:11     | Reached skill level 9 in Invocations
 12777 | D:11     | Noticed Nergalle
 12968 | Lair:2   | Reached skill level 12 in Long Blades
 13530 | Lair:3   | Gained mutation: You are partially covered in rugged brown scales (AC +1, +3% HP). [demonic ancestry]
 13530 | Lair:3   | Reached XP level 13. HP: 87/101 MP: 22/22
 13771 | Lair:3   | Reached skill level 10 in Invocations
 14928 | Lair:4   | Found a staircase to the Snake Pit.
 15188 | Lair:4   | Noticed Snorg
 15386 | Lair:4   | Found a staircase to the Shoals.
 15595 | Lair:5   | Reached skill level 11 in Invocations
 15811 | Lair:5   | Reached skill level 9 in Fighting
 16244 | Lair:5   | Reached skill level 1 in Armour
 16257 | Lair:5   | Reached skill level 13 in Long Blades
 16701 | Lair:6   | Found an oddly glowing altar of Pakellas.
 16911 | Lair:6   | Reached skill level 12 in Invocations
 16952 | Lair:6   | Reached skill level 2 in Armour
 17130 | Lair:6   | Found a staircase to the Slime Pits.
 17131 | Lair:6   | Found a viscous altar of Jiyva.
 17950 | Lair:7   | Reached XP level 14. HP: 57/111 MP: 23/23
 18998 | Lair:8   | Entered Level 8 of the Lair of Beasts
 19108 | Lair:8   | Reached skill level 13 in Invocations
 19163 | Lair:8   | Reached skill level 6 in Dodging
 19267 | Lair:7   | Reached skill level 3 in Armour
 19517 | Lair:8   | Reached skill level 10 in Fighting
 19628 | Lair:8   | Found a runed door.
 20107 | Lair:8   | Reached skill level 14 in Long Blades
 20218 | Lair:8   | Reached skill level 14 in Invocations
 20676 | Lair:8   | Got an ancient dagger
 20735 | Lair:8   | Identified the +8 dagger of Conflict {venom, rN+ MR+} (You found it on level 8 of the Lair of Beasts)
 20854 | Lair:8   | Reached skill level 4 in Armour
 21427 | D:10     | Killed WereVolvo's ghost
 21551 | D:11     | Reached skill level 7 in Dodging
 21736 | D:11     | Killed Nergalle
 21857 | D:11     | Reached XP level 15. HP: 114/120 MP: 25/25
 22415 | D:12     | Noticed Azrael
 22423 | D:12     | Killed Azrael
 23023 | D:12     | Reached skill level 15 in Invocations
 23058 | D:12     | Found a staircase to the Orcish Mines.
 23285 | Orc:1    | Entered Level 1 of the Orcish Mines
 23470 | Orc:2    | Entered Level 2 of the Orcish Mines
 23490 | Orc:2    | Noticed an orc warlord
 23531 | Orc:1    | Killed an orc warlord
 24044 | Orc:2    | Noticed an orc warlord
 24065 | Orc:2    | Killed an orc warlord
 24137 | Orc:2    | Found a staircase to the Elven Halls.
 24641 | Orc:2    | Noticed Rupert
 25009 | Orc:2    | Killed Rupert
 25229 | Orc:2    | Reached skill level 5 in Armour
 25775 | Orc:2    | Found Ginippew's Antique Weapon Shop.
 25775 | Orc:2    | Found Qual's Magic Scroll Shop.
 25778 | Orc:2    | Reached skill level 8 in Dodging
 25779 | Orc:2    | Found Wimoit's Assorted Antiques.
 25792 | Orc:2    | Found Howexkem's Jewellery Boutique.
 25796 | Orc:2    | Bought a scroll labeled TOOQUG LOUNNEU for 34 gold pieces
 25796 | Orc:2    | Bought a scroll labeled NAILIP SIP for 34 gold pieces
 25796 | Orc:2    | Bought a scroll labeled TOOQUG LOUNNEU for 34 gold pieces
 25799 | Orc:2    | Bought 2 scrolls of identify for 64 gold pieces
 25799 | Orc:2    | Bought 2 scrolls of identify for 64 gold pieces
 25799 | Orc:2    | Bought a scroll of enchant weapon for 120 gold pieces
 25799 | Orc:2    | Bought a scroll of torment for 120 gold pieces
 25799 | Orc:2    | Bought a scroll of teleportation for 48 gold pieces
 25799 | Orc:2    | Bought a scroll of identify for 32 gold pieces
 26034 | Orc:2    | Bought a faintly glowing blowgun for 300 gold pieces
 26034 | Orc:2    | Identified the +5 blowgun "Kulos" {evade, Dex+2 Stlth+} (You bought it in a shop on level 2 of the Orcish Mines)
 26043 | Orc:2    | Bought the ring of Shaolin {EV+8} for 1536 gold pieces
 26408 | D:13     | Noticed George's ghost (novice MiFi)
 26426 | D:13     | Killed George's ghost
 26485 | D:13     | Reached skill level 11 in Fighting
 26672 | D:13     | Found Plog's Weapon Shoppe.
 26694 | D:13     | Found a gate to the Vaults.
 26773 | D:13     | Reached skill level 15 in Long Blades
 26852 | D:13     | Found Ifonill's Antique Armour Shoppe.
 26857 | D:13     | Bought an embroidered cloak for 94 gold pieces
 26886 | D:13     | Found Pilyad Muq's Magic Scroll Emporium.
 26894 | D:13     | Bought a scroll of teleportation for 33 gold pieces
 26894 | D:13     | Bought a scroll of teleportation for 33 gold pieces
 26894 | D:13     | Bought a scroll of teleportation for 33 gold pieces
 26943 | D:13     | Noticed Maurice
 26999 | D:13     | Killed Maurice
 27735 | D:14     | Noticed Roxanne
 27760 | D:14     | Killed Roxanne
 27826 | D:14     | Reached skill level 6 in Armour
 28130 | D:14     | Noticed Sonja
 28132 | D:14     | Noticed Sonja
 28132 | D:14     | Sonja changed into Sonja the orb spider
 28159 | D:14     | Killed Sonja the orb spider
 28288 | D:14     | Reached XP level 16. HP: 126/128 MP: 27/27
 28651 | D:15     | Entered Level 15 of the Dungeon
 29077 | D:15     | Reached skill level 9 in Dodging
 29450 | D:15     | Found a staircase to the Depths.
 29715 | D:15     | Reached skill level 7 in Armour
 29718 | D:15     | Found a glowing golden altar of the Shining One.
 30020 | D:13     | Bought a scroll of identify for 22 gold pieces
 30031 | D:13     | Bought a polished ring mail for 189 gold pieces
 30041 | D:13     | Identified the +3 ring mail of the Moon {+Inv} (You bought it in a shop on level 13 of the Dungeon)
 30174 | D:9      | Bought a small lapis lazuli amulet for 130 gold pieces
 30323 | Shoals:1 | Entered Level 1 of the Shoals
 30354 | Shoals:2 | Found Zecradd's Magic Scroll Boutique.
 30378 | Shoals:2 | Found Juedugh's Magic Scroll Boutique.
 30787 | Shoals:3 | Reached skill level 16 in Long Blades
 30869 | Shoals:4 | Entered Level 4 of the Shoals
 30869 | Shoals:4 | Noticed Jorgrun
 30877 | Shoals:4 | Killed Jorgrun
 31098 | Shoals:3 | Reached skill level 12 in Fighting
 31308 | Shoals:4 | Noticed Ilsuiw
 31318 | Shoals:4 | Killed Ilsuiw
 31429 | Shoals:4 | Identified a +3 rod of inaccuracy (14/14) (You found it on level 4 of the Shoals)
 31468 | Shoals:4 | Noticed Polyphemus
 31515 | Shoals:4 | Identified a scroll of acquirement
 31533 | Shoals:4 | Killed Polyphemus
 31541 | Shoals:4 | Got a polished long sword {pain}
 31542 | Shoals:4 | Identified the cursed +3 long sword of the Shining Light {pain, *Rage +Inv rElec Str+6} (You took it off a siren on level 4 of the Shoals)
 31605 | Shoals:4 | Reached skill level 8 in Armour
 31633 | Shoals:4 | HP: 3/130 [merfolk impaler/antimagic demon trident (9)]
 31634 | Shoals:4 | Mangled by a merfolk impaler

Skill      XL: |  1  2  3  4  5  6  7  8  9 10 11 12 13 14 15 16 |
---------------+-------------------------------------------------+-----
Necromancy     | 5 6 8 10 | 10.0
Spellcasting   | 3 4 5 6 |  6.0
Fighting       | 1 3 5 6 8 9 10 11 12 | 12.2
Polearms       | 1 4 6 |  6.1
Dodging        | 3 5 7 8 9 |  9.9
Staves         | 2 |  2.4
Long Blades    | 3 9 10 12 13 14 15 16 | 16.4
Invocations    | 4 9 12 14 15 | 15.0
Armour         | 2 4 6 8 |  8.0
Stealth        | |  1.7

Action                   |  1- 3 |  4- 6 |  7- 9 | 10-12 | 13-15 | 16-18 || total
-------------------------+-------+-------+-------+-------+-------+-------++-------
Melee: Unarmed           |     6 |       |       |       |       |       ||     6
       Whip              |       |    16 |       |       |       |       ||    16
       Spear             |       |     8 |   140 |       |       |       ||   148
       Headbutt          |       |     1 |    19 |   127 |   314 |   107 ||   568
       Great sword       |       |       |    22 |   710 |  1565 |   465 ||  2762
       Quarterstaff      |       |       |     7 |       |       |       ||     7
       Dagger            |       |       |       |       |     1 |       ||     1
Throw: Javelin           |       |       |     2 |       |       |       ||     2
 Cast: Pain              |    69 |    87 |   218 |    16 |     1 |       ||   391
       Vampiric Draining |       |     7 |    52 |    69 |    55 |       ||   183
       Regeneration      |       |       |    38 |    61 |    88 |    27 ||   214
       Control Undead    |       |       |     3 |     4 |       |       ||     7
       Animate Dead      |       |       |     4 |    19 |    60 |     6 ||    89
Invok: Major Destruction |       |       |       |       |     4 |       ||     4
       Greater Servant o |       |       |       |       |    16 |    10 ||    26
       Lesser Servant of |       |       |       |       |     4 |       ||     4
       Minor Destruction |       |       |       |       |     2 |       ||     2
Evoke: Wand              |       |       |       |       |     3 |       ||     3
  Use: Scroll            |       |     4 |     9 |     5 |    19 |     9 ||    46
       Potion            |       |       |       |     5 |     5 |     9 ||    19
 Stab: Sleeping          |       |     1 |     9 |    35 |    67 |     6 ||   118
       Distracted        |       |       |     2 |     5 |    12 |     8 ||    27
       Fleeing           |       |       |       |       |       |     2 ||     2
  Eat: Chunk             |     2 |     6 |    21 |    35 |    65 |    14 ||   143
       Pizza             |       |       |     1 |     1 |       |       ||     2
       Beef jerky        |       |       |       |     1 |     1 |     2 ||     4
Armor: Robe              |     7 |     7 |    48 |   131 |   224 |       ||   417
       Leather armour    |       |       |       |       |    42 |    69 ||   111
Dodge: Dodged            |    22 |    27 |   158 |   433 |   913 |   317 ||  1870
Block: Other             |       |       |       |       |       |    46 ||    46
       Reflection        |       |       |       |       |       |    10 ||    10
